 Dungeon Crawl Stone Soup version 0.21.1-1-g345015f (webtiles) character file.

118 nicolaieve the Cudgeler (level 4, -1/39 HPs)
             Began as a Minotaur Berserker on July 25, 2018.
             Was a Believer of Trog.
             Slain by dscm's ghost (3 damage)
             ... on level 3 of the Dungeon.
             The game lasted 00:07:05 (1778 turns).

nicolaieve the Cudgeler (Minotaur Berserker)        Turns: 1778, Time: 00:07:06

Health: -1/39      AC:  5    Str: 21    XL:     4   Next: 72%
Magic:  3/3        EV: 11    Int:  4    God:    Trog [**....]
Gold:   15         SH:  0    Dex: 11    Spells: 3/3 levels left

rFire    . . .     SeeInvis .   k - +0 whip
rCold    . . .     Gourm    .   (no shield)
rNeg     . . .     Faith    .   h - +0 ring mail
rPois    .         Spirit   .   (helmet restricted)
rElec    .         Reflect  .   (no cloak)
rCorr    .         Harm     .   (no gloves)
MR       .....                  (no boots)
Stlth    +.........             (no amulet)
HPRegen  0.13/turn              (no ring)
MPRegen  0.08/turn              (no ring)

@: berserk cooldown, slowed, very slow
A: retaliatory headbutt, horns 2
a: Berserk, Trog's Hand, Burn Spellbooks, Renounce Religion


You were on level 3 of the Dungeon.
You worshipped Trog.
Trog was pleased with you.
You were not hungry.

You visited 1 branch of the dungeon, and saw 3 of its levels.

You collected 15 gold pieces.

Inventory:

Hand Weapons
 k - a +0 whip (weapon)
Armour
 h - a +0 ring mail (worn)
Jewellery
 g - a cursed amulet of inaccuracy {unknown}
Scrolls
 a - a scroll of blinking {unknown}
 d - a scroll of random uselessness {unknown}
 e - 2 scrolls of magic mapping {unknown}
 i - a scroll of amnesia {unknown}
 j - a scroll of identify {unknown}
Potions
 b - a potion of curing {unknown}
Comestibles
 c - 3 rations


   Skills:
 - Level 3.6 Fighting
 + Level 6.7 Maces & Flails
 - Level 2.4 Armour
 - Level 2.1 Dodging


You had 3 spell levels left.
You didn't know any spells.

Dungeon Overview and Level Annotations

Branches:
Dungeon (3/15)

Altars:
Fedhas

Annotations:
D:3 Robin; dscm's ghost, weakling HOGl


Innate Abilities, Weirdness & Mutations

You reflexively headbutt those who attack you in melee.
You have a pair of horns on your head.


Message History

The gnoll hits you from afar with a spear.
* * * LOW HITPOINT WARNING * * *
Dscm's ghost hits you.
* * * LOW HITPOINT WARNING * * *
You barely miss dscm's ghost. Your headbutt misses dscm's ghost.
Dscm's ghost is moderately damaged.
The gnoll barely misses you. Dscm's ghost hits you.
* * * LOW HITPOINT WARNING * * *
You hit dscm's ghost but do no damage. Your headbutt misses dscm's ghost.
Dscm's ghost is moderately damaged.
The gnoll hits you from afar with a spear.
* * * LOW HITPOINT WARNING * * *
Dscm's ghost closely misses you.
Robin zaps a wand.
Some rock shatters into small pieces.
You hit dscm's ghost but do no damage.
Dscm's ghost is moderately damaged.
The gnoll completely misses you. Dscm's ghost closely misses you.
You furiously retaliate!
You headbutt dscm's ghost. The gnoll closely misses you. Dscm's ghost hits you.
You die...

##.....g.).g...#
#....# #<# #
#..).# ###
#.#....#
#.#))..# ..#)g.#
#g)..# #Wg.# #
#@..# #.
#........
#.####...#####
#........#
###....#.#
##.#.##.#
#.....#.#
#..#..#.#
#.<#..#


You could see Robin, dscm's ghost, a gnoll and a goblin.

Vanquished Creatures
  2 gnolls (D:3)
  2 adders (D:2)
  An ooze (D:2)
  A worm (D:2)
  4 dart slugs
  2 leopard geckos (D:1)
  5 giant cockroaches
  7 hobgoblins
  7 bats
  A frilled lizard (D:2)
  14 goblins
  12 kobolds
  4 rats
62 creatures vanquished.

Notes
Turn   | Place    | Note
-------+----------+-------------------------------------------
     0 | D:1      | nicolaieve the Minotaur Berserker began the quest for the Orb.
     0 | D:1      | Reached XP level 1. HP: 19/19 MP: 0/0
    84 | D:1      | Reached skill level 4 in Maces & Flails
   453 | D:1      | Reached XP level 2. HP: 26/26 MP: 1/1
   812 | D:1      | Reached skill level 5 in Maces & Flails
   944 | D:1      | Reached XP level 3. HP: 31/31 MP: 2/2
  1165 | D:2      | Reached ** piety under Trog
  1352 | D:2      | Reached skill level 6 in Maces & Flails
  1352 | D:2      | Reached XP level 4. HP: 39/39 MP: 3/3
  1367 | D:2      | Found a blossoming altar of Fedhas.
  1550 | D:3      | Noticed Robin
  1758 | D:3      | Noticed dscm's ghost (weakling HOGl)
  1778 | D:3      | Slain by dscm's ghost

Skill      XL: |  1  2  3 |
---------------+----------+-----
Maces & Flails | 4 5 6 |  6.7
Fighting       | |  3.6
Armour         | |  2.4
Dodging        | |  2.1

Action                   |  1- 3 |  4- 6 || total
-------------------------+-------+-------++-------
Melee: Mace              |    84 |     4 ||    88
       Headbutt          |    15 |     3 ||    18
       Whip              |       |    40 ||    40
Invok: Berserk           |       |     2 ||     2
  Eat: Chunk             |     1 |     3 ||     4
Armor: Animal skin       |     9 |       ||     9
       Ring mail         |    14 |    10 ||    24
Dodge: Dodged            |    71 |    26 ||    97
